 Dungeon Crawl Stone Soup version 0.21-a0-630-g344d351 (webtiles) character file.

252 slep the Slasher (level 6, -6/49 HPs)
             Began as a Barachi Monk on Dec 25, 2017.
             Was a Believer of Okawaru.
             Mangled by Duvessa
             ... wielding a +0 short sword
              (10 damage)
             ... on level 5 of the Dungeon.
             The game lasted 00:09:47 (2908 turns).

slep the Slasher (Barachi Monk)                     Turns: 2908, Time: 00:09:47

Health: -6/49      AC:  4    Str: 14    XL:     6   Next: 14%
Magic:  6/6        EV: 14    Int: 10    God:    Okawaru [**....]
Gold:   79         SH:  0    Dex: 15    Spells: 5/5 levels left

rFire    . . .     SeeInvis .   a - +0 falchion
rCold    . . .     Gourm    .   (no shield)
rNeg     . . .     Faith    .   l - +0 leather armour
rPois    .         Spirit   .   (no helmet)
rElec    .         Reflect  .   (no cloak)
rCorr    .         Harm     .   (no gloves)
MR       .....                  m - +0 pair of boots
Stlth    ++........             q - amulet of inaccuracy (curse)
HPRegen  0.16/turn              (no ring)
MPRegen  0.10/turn              (no ring)

@: hasted, quick
A: +LOS, swims, slowness 1, strong legs 1
a: Hop, Heroism, Renounce Religion


You were on level 5 of the Dungeon.
You worshipped Okawaru.
Okawaru was pleased with you.
You were very hungry.

You visited 2 branches of the dungeon, and saw 6 of its levels.

You collected 79 gold pieces.

Inventory:

Hand Weapons
 a - a +0 falchion (weapon)
Missiles
 d - 15 poisoned needles
 h - 35 sling bullets
 r - 13 tomahawks (quivered)
Armour
 b - a +0 robe
 l - a +0 leather armour (worn)
 m - a +0 pair of boots (worn)
Jewellery
 q - a cursed amulet of inaccuracy (around neck)
Scrolls
 f - 7 scrolls of identify {unknown}
 i - 4 scrolls of remove curse {unknown}
 p - a scroll of enchant armour {unknown}
 s - a scroll of blinking {unknown}
Potions
 g - 2 potions of curing {unknown}
 j - a potion of ambrosia {unknown}
 k - a potion of degeneration {unknown}
 n - a potion of flight {unknown}
Comestibles
 c - 7 rations


   Skills:
 + Level 4.4 Fighting
 + Level 5.7 Long Blades
 + Level 2.4 Armour
 + Level 4.4 Dodging
 + Level 2.6 Stealth


You had 5 spell levels left.
You didn't know any spells.

Dungeon Overview and Level Annotations

Branches:
Dungeon (5/15)             Temple (1/1) D:4

Altars:
Ashenzari
Cheibriados
Dithmenos
Elyvilon
Fedhas
Gozag
Hepliaklqana
Kikubaaqudgha
Makhleb
Nemelex Xobeh
Okawaru
Ru
Trog
Xom
Yredelemnul
The Shining One

Annotations:
D:4 arthad's ghost, novice MfIE
D:5 Duvessa


Innate Abilities, Weirdness & Mutations

Shadows flee at your approach. (+LOS)
You can swim through water.
You cover ground slowly.
You can hop short distances.


Message History

Duvessa says, "Where magic fails, the sword succeeds!"
Duvessa misses you.
You barely miss Duvessa.
Duvessa is moderately wounded.
The orc misses you.
You riposte.
You closely miss the orc.
The orc is severely wounded.
Duvessa closely misses you.
You hit Duvessa.
Duvessa is moderately wounded.
You closely miss Duvessa.
Duvessa is moderately wounded.
The orc hits you with a trident.
* * * LOW HITPOINT WARNING * * *
Duvessa barely misses you.
You hit Duvessa.
Duvessa is heavily wounded.
The orc hits you with a trident!
* * * LOW HITPOINT WARNING * * *
Duvessa hits you with a short sword!
You die...

. .. ... .... ###########
..... #.........# #.....
#.........#
#......#######........[#
......≈Ye@oooo.........#
#...?..######(.........#
###### ##.<.......#
#.........# .##
#.........# ....
##o........#
#..##########..........#
#.$#......#.....#.(....###
#.....................#


You could see Duvessa, a sky beast, an orc priest and 3 orcs.

Vanquished Creatures
  A hound (D:5)
  An orc wizard (D:4)
  An orc priest (D:3)
  A centaur skeleton (D:4)
  6 adders
  A worm (D:2)
  3 dart slugs
  10 orcs
  4 giant cockroaches
  7 goblins
  4 hobgoblins
  2 ball pythons
  6 bats
  8 frilled lizards
  A jackal skeleton (D:4)
  9 kobolds
  10 rats
75 creatures vanquished.

Notes
Turn   | Place    | Note
-------+----------+-------------------------------------------
     0 | D:1      | slep the Barachi Monk began the quest for the Orb.
     0 | D:1      | Reached XP level 1. HP: 18/18 MP: 1/1
   127 | D:1      | Reached XP level 2. HP: 22/25 MP: 2/2
   219 | D:1      | Reached skill level 4 in Long Blades
   475 | D:1      | Reached XP level 3. HP: 29/30 MP: 3/3
   659 | D:2      | Found a glowing golden altar of the Shining One.
   702 | D:2      | Found an opulent altar of Gozag.
  1433 | D:2      | Found a sacrificial altar of Ru.
  1499 | D:2      | Reached XP level 4. HP: 24/37 MP: 4/4
  1609 | D:4      | Found a staircase to the Ecumenical Temple.
  1615 | Temple   | Entered the Ecumenical Temple
  1643 | Temple   | Became a worshipper of Warmaster Okawaru
  1643 | Temple   | Reached * piety under Okawaru
  1643 | Temple   | Reached ** piety under Okawaru
  1884 | D:3      | Reached skill level 1 in Armour
  1995 | D:3      | Found a shadowy altar of Dithmenos.
  2199 | D:3      | Reached XP level 5. HP: 42/42 MP: 5/5
  2217 | D:3      | Reached skill level 5 in Long Blades
  2457 | D:4      | Found a hazy altar of Hepliaklqana.
  2620 | D:4      | Noticed arthad's ghost (novice MfIE)
  2700 | D:4      | Reached XP level 6. HP: 26/49 MP: 6/6
  2735 | D:5      | Entered Level 5 of the Dungeon
  2885 | D:5      | Noticed Duvessa
  2886 | D:5      | Noticed a sky beast
  2908 | D:5      | Mangled by Duvessa

Vault maps used:
D:1:      lightli_arrival_isolated_outpost
D:2:      nicolae_ru_path_of_blood, tso_metal_star,
          nicolae_gozag_cash_rules_everything_around_me, first_ration,
          small_statue_intersection
D:3:      nicolae_overflow_hidden_temple
D:4:      old_standard_altar, minmay_temple_entry_statues_pillars
D:5:      kennysheep_big_flooded_room, nicolae_overflow_quartered_altars,
          uniq_duvessa
Temple:   minmay_temple_curvy_loop

Skill      XL: |  1  2  3  4  5 |
---------------+----------------+-----
Long Blades    | 4 5 |  5.7
Stealth        | 2 |  2.6
Fighting       | 4 |  4.4
Dodging        | 4 |  4.4
Armour         | 1 2 |  2.4

Action                   |  1- 3 |  4- 6 || total
-------------------------+-------+-------++-------
Melee: Falchion          |    96 |   193 ||   289
  Use: Potion            |       |     1 ||     1
 Stab: Sleeping          |     7 |     5 ||    12
  Eat: Chunk             |     3 |     4 ||     7
Armor: Robe              |    18 |       ||    18
       Leather armour    |     8 |    42 ||    50
Dodge: Dodged            |    70 |   131 ||   201
       Rpst.: Falchion   |    20 |    34 ||    54

Table legend:
 A = Spawn XP
 B = Non-spawn XP
 C = Spawn XP percentage of total XP
 D = Spawn monster count
 E = Non-spawn monster count
 F = Spawn count percentage of total count
 G = Total turns spent on level
                    A         B        C        D         E        F      G
               +---------+---------+-------+---------+---------+-------+---------
         Total |       0 |     361 |   0.0 |       0 |      74 |   0.0 |  2908
               +---------+---------+-------+---------+---------+-------+---------
           D:1 |       0 |      41 |   0.0 |       0 |      27 |   0.0 |   651
           D:2 |       0 |      47 |   0.0 |       0 |      12 |   0.0 |   942
           D:3 |       0 |     136 |   0.0 |       0 |      25 |   0.0 |   703
           D:4 |       0 |      95 |   0.0 |       0 |       9 |   0.0 |   275
           D:5 |       0 |      42 |   0.0 |       0 |       1 |   0.0 |   173
               +---------+---------+-------+---------+---------+-------+---------
